 Dungeon Crawl Stone Soup version 0.29.1-1-gd02db6906a (webtiles) character file.

Game seed: 2762977366364236645

65 Aibolit the Trooper (level 4, 0/41 HPs)
             Began as a Hill Orc Fighter on Oct 8, 2022.
             Succumbed to an orc wizard's poison
             ... on level 3 of the Dungeon.
             The game lasted 00:01:43 (1681 turns).

Aibolit the Trooper (Hill Orc Fighter)              Turns: 1681, Time: 00:01:43

Health: 0/41       AC:  7    Str: 20    XL:     4   Next: 13%
Magic:  4/4        EV:  9    Int:  8    God:
Gold:   72         SH:  0    Dex: 10    Spells: 3/3 levels left

rFire   . . .      SeeInvis .   a - +0 war axe (venom)
rCold   . . .      Faith    .   c - +0 buckler
rNeg    . . .      Spirit   .   b - +0 scale mail
rPois   .          Reflect  .   (no helmet)
rElec   .          Harm     .   k - scarf {repulsion}
rCorr   .          Rampage  .   (no gloves)
Will    .....                   (no boots)
Stlth   ..........              (no amulet)
HPRegen 0.13/turn               (no ring)
MPRegen 0.09/turn               (no ring)

@: confused, mighty, lethally poisoned (0 -> -6), repel missiles
A: no striking features
a: no special abilities


You were on level 3 of the Dungeon.
You visited 1 branch of the dungeon, and saw 3 of its levels.

You collected 72 gold pieces.

Inventory:

Hand Weapons
 a - a +0 war axe of venom (weapon)
Armour
 b - a +0 scale mail (worn)
 c - a +0 buckler (worn)
 k - a scarf of repulsion (worn)
Scrolls
 g - 2 scrolls of magic mapping {unknown}
 h - a scroll of butterflies {unknown}
Potions
 e - a potion of magic {unknown}
 f - 6 potions of curing {unknown}
 i - a potion of heal wounds {unknown}
 j - a potion of haste {unknown}


   Skills:
 + Level 4.3 Fighting
 + Level 3.6 Axes
 + Level 3.8 Armour
 + Level 3.9 Shields


You had 3 spell levels left.
You didn't know any spells.
Your spell library contained the following spells:

 Spells                   Type           Power      Damage    Failure   Level
 Beastly Appendage        Tmut           0%         N/A       85%         1


Dungeon Overview and Level Annotations

Branches:
Dungeon (3/15)

Altars:

Annotations:
D:3 1 runed translucent door, Crazy Yiuf


Message History

You are too confused!
You bump into the rock wall.
You feel very sick. Something hits you.
You hear some strange, mumbled words.
You are more confused.
Something hits you.
You feel very sick.
You closely miss something.
You feel very sick.
You hear some strange, mumbled words.
You are more confused.
You hear some strange, mumbled words.
You're too confused to move!
You feel sick.
You are too injured to fight recklessly!
You miss something. You slash the orc!
You kill the orc!
You feel sick. Something hits you.
You are too injured to fight recklessly!
You are too injured to fight recklessly!
You miss something. You barely miss something.
You feel sick. Something hits you.
You miss something. You closely miss the orc. You miss something.
You feel sick. The orc hits you but does no damage.
Something hits you but does no damage.
You are more poisoned.
Something hits you.
* * * LOW HITPOINT WARNING * * *
Something hits you but does no damage.
You are too injured to fight recklessly!
You are too injured to fight recklessly!
You are too injured to fight recklessly!
You bump into the rock wall.
* * * LOW HITPOINT WARNING * * *
You feel sick. The orc barely misses you. Something hits you.
* * * LOW HITPOINT WARNING * * *
The orc hits you but does no damage.
Unknown command.
You bump into the rock wall.
You die...

.........!.... #........
... .. #...... .... ...
+....# ..... ....
#....##......
....##+##......[.....
.......))..#+#.......
.......o.#### #######
.......o@#
.........###♣♣♣♣♣
.......(...#..♣.♣♣♣ ###
...............♣..♣#...#
..............♣♣♣♣.+...#
...........#.♣♣ ♣♣#..)#
..........##♣♣ ###
#####...#.# #...#.#


You could see 2 orcs.

Vanquished Creatures
  A gnoll (D:2)
  2 adders (D:2)
  A worm (D:3)
  3 orcs (D:3)
  3 bats
  6 giant cockroaches
  A goblin (D:2)
  2 hobgoblins (D:1)
  5 jackals (D:2)
  2 quokkas (D:1)
  A frilled lizard (D:2)
  A kobold (D:1)
28 creatures vanquished.

Vanquished Creatures (others)
  A plant (D:2)
1 creature vanquished.

Grand Total: 29 creatures vanquished

Notes
Turn   | Place    | Note
-------+----------+-------------------------------------------
     0 | D:1      | Aibolit the Hill Orc Fighter began the quest for the Orb.
     0 | D:1      | Reached XP level 1. HP: 19/19 MP: 1/1
   104 | D:1      | Reached XP level 2. HP: 27/27 MP: 2/2
   638 | D:2      | Reached skill level 4 in Fighting
   638 | D:2      | Reached XP level 3. HP: 26/33 MP: 3/3
   881 | D:2      | Found a faded altar of an unknown god.
   889 | D:2      | Got Plato's Tome of Forms
  1585 | D:3      | Found a runed translucent door.
  1586 | D:3      | Noticed Crazy Yiuf
  1610 | D:3      | Reached XP level 4. HP: 34/40 MP: 4/4
  1680 | D:3      | HP: 2/41 [something (6)]
  1681 | D:3      | Succumbed to an orc wizard's poison

Illustrated notes

Levels and vault maps discovered:
D:1:      dpeg_arrival_houses_and_road, layout_basic
D:2:      layout_rooms, shapermc_ecumenical_altar_rom_forum, grunt_ministairs_3,
          cheibrodos_gnoll_hut
D:3:      layout_basic, minmay_liquid_box, amcnicky_mini_corridor_feature,
          uniq_ijyb, uniq_robin, uniq_crazy_yiuf_cottage

Skill      XL: |  1  2 |
---------------+-------+-----
Axes           | 3 |  3.6
Fighting       | 4 |  4.3
Armour         | |  3.8
Shields        | |  3.9

Action                   |  1- 3 |  4- 6 || total
-------------------------+-------+-------++-------
Melee: War axe           |    54 |    10 ||    64
  Use: Scroll            |     1 |       ||     1
       Potion            |       |     1 ||     1
Armor: Scale mail        |    26 |     9 ||    35
Dodge: Dodged            |    27 |     2 ||    29
Block: Buckler           |    11 |       ||    11
